 Dungeon Crawl Stone Soup version 0.26.1-11-gd32895ea62 (webtiles) character file.

Game seed: 3709666725844800232

186 Descartes the Magician (level 5, -6/28 HPs)
             Began as a Deep Elf Wanderer on July 13, 2021.
             Mangled by an iguana (8 damage)
             ... on level 4 of the Dungeon.
             The game lasted 00:07:57 (3688 turns).

Descartes the Magician (Deep Elf Wanderer)          Turns: 3688, Time: 00:07:57

Health: -6/28      AC:  6    Str: 11    XL:     5   Next: 38%
Magic:  9/15       EV: 11    Int: 17    God:
Gold:   216        SH:  0    Dex: 13    Spells: 12/16 levels left

rFire    . . .     SeeInvis .   a - +0 dagger
rCold    . . .     Faith    .   (no shield)
rNeg     . . .     Spirit   .   d - +0 robe
rPois    .         Reflect  .   (no helmet)
rElec    .         Harm     .   (no cloak)
rCorr    .         Rampage  .   (no gloves)
Will     .....                  (no boots)
Stlth    ++........             l - amulet of inaccuracy (curse)
HPRegen  0.09/turn              i - +4 ring of protection
MPRegen  0.14/turn              (no ring)

@: no status effects
A: no striking features
a: no special abilities


You were on level 4 of the Dungeon.
You visited 1 branch of the dungeon, and saw 4 of its levels.

You collected 216 gold pieces.

Inventory:

Hand Weapons
 a - a +0 dagger (weapon)
Missiles
 b - 20 sling bullets
 g - 141 stones (quivered)
 k - 8 boomerangs
Armour
 d - a +0 robe (worn)
Jewellery
 i - a +4 ring of protection (left hand)
 l - a cursed amulet of inaccuracy (around neck)
Scrolls
 e - 3 scrolls of teleportation
 h - 3 scrolls of immolation
Potions
 c - 3 potions of lignification
 f - 4 potions of curing
 j - a potion of haste
 m - a potion of flight {unknown}


   Skills:
 - Level 1.2 Stealth
 - Level 6.0 Spellcasting
 + Level 5.1 Conjurations
 - Level 1.2 Necromancy
 + Level 1.8 Translocations
 - Level 1.1 Fire Magic
 - Level 2.1 Ice Magic
 - Level 1.1 Evocations


You had 12 spell levels left.
You knew the following spells:

 Your Spells              Type           Power        Failure   Level
a - Magic Dart            Conj           88%          1%          1
b - Foxfire               Conj/Fire      60%          3%          1
c - Blink                 Tloc           N/A          9%          2

Your spell library contained the following spells:

 Spells                   Type           Power        Failure   Level
 Conjure Flame            Conj/Fire      15%          11%         3
 Call Imp                 Summ           5%           19%         2
 Slow                     Hex            5%           19%         2
 Mephitic Cloud           Conj/Pois/Air  10%          19%         3


Dungeon Overview and Level Annotations

Branches:
Dungeon (4/15)
 Temple: D:4-7

Altars:
Makhleb
Zin


Message History

There is a stone staircase leading down here.
Casting: Magic Dart (safe; 1% risk of failure)
Confirm with . or Enter, or press ? or * to list all spells.
You conjure some foxfire!
The iguana bites you.
* * * LOW HITPOINT WARNING * * *
The foxfire hits the iguana.
The iguana is severely wounded.
The foxfire hits the iguana but does no damage.
The iguana is severely wounded.
Casting: Foxfire (safe; 3% risk of failure)
Confirm with . or Enter, or press ? or * to list all spells.
You conjure some foxfire!
The iguana barely misses you.
The foxfire hits the iguana.
The iguana is severely wounded.
The foxfire hits the iguana but does no damage.
The iguana is severely wounded.
Casting: Foxfire (safe; 3% risk of failure)
Confirm with . or Enter, or press ? or * to list all spells.
You conjure some foxfire!
The iguana bites you!
You die...

### ############.##
#.............##
#.####..##.....##
#.####..#.......##
#.##.............#
#.##.#..#v......#######
#.##.#..##@l.....>....#
##..........v..#######.#
#......######.## #
#.###..# ### #.###..#
#.#....# ##.#.##.#
#....>..# #.......#


You could see an iguana.

Vanquished Creatures
  Jessica (D:2)
  Terence (D:2)
  7 adders
  An adder skeleton (D:4)
  A worm (D:2)
  A leopard gecko (D:3)
  2 ball pythons
  8 giant cockroaches
  14 goblins
  6 hobgoblins
  7 bats
  4 frilled lizards
  7 kobolds
  7 rats
67 creatures vanquished.

Vanquished Creatures (others)
  29 foxfires
29 creatures vanquished.

Grand Total: 96 creatures vanquished

Notes
Turn   | Place    | Note
-------+----------+-------------------------------------------
     0 | D:1      | Descartes the Deep Elf Wanderer began the quest for the
                  | Orb.
     0 | D:1      | Descartes set off with the following items: a +0 dagger, a
                  | potion of lignification, a +0 robe; and the following
                  | spells available to memorise: Foxfire, Magic Dart, Blink,
                  | Call Imp, Slow, Conjure Flame, Mephitic Cloud
     0 | D:1      | Reached XP level 1. HP: 10/10 MP: 9/9
     2 | D:1      | Learned a level 1 spell: Magic Dart
     4 | D:1      | Learned a level 1 spell: Foxfire
   145 | D:1      | Reached skill level 1 in Conjurations
   351 | D:1      | Reached XP level 2. HP: 15/15 MP: 8/10
  1111 | D:2      | Reached XP level 3. HP: 19/19 MP: 3/12
  1655 | D:2      | Reached XP level 4. HP: 19/24 MP: 7/13
  2006 | D:2      | Noticed Jessica
  2009 | D:2      | Killed Jessica
  2058 | D:2      | Learned a level 2 spell: Blink
  2345 | D:2      | Noticed Terence
  2432 | D:2      | Killed Terence
  2433 | D:2      | Reached skill level 5 in Conjurations
  2660 | D:3      | Reached skill level 1 in Translocations
  2660 | D:3      | Reached XP level 5. HP: 28/28 MP: 11/15
  3114 | D:3      | Noticed a blizzard demon
  3115 | D:3      | Found a burning altar of Makhleb.
  3119 | D:3      | Found a glowing silver altar of Zin.
  3119 | D:3      | Noticed an angel
  3238 | D:3      | Reached skill level 6 in Spellcasting
  3688 | D:4      | Mangled by an iguana

Illustrated notes

Levels and vault maps discovered:
D:1:      evilmike_arrival_crescent, layout_basic, corexii_hall_statues_l
D:2:      layout_basic, kennysheep_cluttered_room, minmay_misc_feat_five,
          minmay_ruptured, uniq_terence, uniq_jessica
D:3:      layout_basic, grunt_temple_overflow_order_and_chaos_2
D:4:      layout_loops_cross, minmay_temple_entry_waves, serial_shops, shop

Skill      XL: |  1  2  3  4  5 |
---------------+----------------+-----
Conjurations   | 1 3 4 5 |  5.1
Translocations | 1 |  1.8
Spellcasting   | 6 |  6.0
Stealth        | |  1.2
Necromancy     | |  1.2
Fire Magic     | |  1.1
Ice Magic      | |  2.1
Evocations     | |  1.1

Action                   |  1- 3 |  4- 6 || total
-------------------------+-------+-------++-------
Melee: Dagger            |       |     2 ||     2
 Cast: Magic Dart        |   112 |    69 ||   181
       Foxfire           |       |    18 ||    18
       Blink             |       |     3 ||     3
  Use: Scroll            |       |     4 ||     4
Armor: Robe              |     4 |     7 ||    11
Dodge: Dodged            |    16 |    18 ||    34
